 Dungeon Crawl Stone Soup version 0.29-a0-25-g7f48f510a0 (webtiles) character file.

Game seed: 547216376058780165

86 Crownlay the Changer (level 4, -1/29 HPs)
             Began as an Octopode Transmuter on Jan 31, 2022.
             Killed from afar by an orc wizard (9 damage)
             ... with a magic dart
             ... on level 3 of the Dungeon.
             The game lasted 00:02:13 (2490 turns).

Crownlay the Changer (Octopode Transmuter)          Turns: 2490, Time: 00:02:14

Health: -1/29      AC:  1    Str:  9    XL:     4   Next: 49%
Magic:  7/7        EV: 13    Int: 17    God:
Gold:   57         SH:  0    Dex: 12    Spells: 3/7 levels left

rFire   . . .      SeeInvis .   a - +0 short sword
rCold   . . .      Faith    .   (no shield)
rNeg    . . .      Spirit   .   (helmet restricted)
rPois   .          Reflect  .   (no amulet)
rElec   .          Harm     .   (no ring)
rCorr   .          Rampage  .   (no ring)
Will    .....                   (no ring)
Stlth   +++.......              (no ring)
HPRegen 0.09/turn               (no ring)
MPRegen 0.10/turn               (no ring)
                                (no ring)
                                (no ring)

@: no status effects
A: almost no armour, amphibious, 8 rings, camouflage 1, gelatinous body 1,
(nimble swimmer 1), tentacles
a: no special abilities


You were on level 3 of the Dungeon.
You visited 1 branch of the dungeon, and saw 3 of its levels.

You collected 57 gold pieces.

Inventory:

Hand Weapons
 a - a +0 short sword (weapon)
Wands
 h - a wand of acid (11)
Scrolls
 c - a scroll of teleportation {unknown}
 d - a scroll of amnesia {unknown}
 f - a scroll of summoning {unknown}
 g - a scroll of identify {unknown}
 i - a scroll of brand weapon {unknown}
 k - 2 scrolls of magic mapping {unknown}
Potions
 b - 2 potions of curing {unknown}
 e - 2 potions of cancellation {unknown}
 j - a potion of flight {unknown}
 l - a potion of haste {unknown}


   Skills:
 + Level 2.1 Fighting
 - Level 2.0 Dodging
 + Level 2.5 Stealth
 - Level 3.0 Unarmed Combat
 - Level 2.0 Spellcasting
 * Level 3.5 Transmutations


You had 3 spell levels left.
You knew the following spells:

 Your Spells              Type           Power      Damage    Failure   Level
a - Beastly Appendage     Tmut           26%        N/A       4%          1
b - Spider Form           Tmut/Pois      7%         N/A       28%         3

Your spell library contained the following spells:

 Spells                   Type           Power      Damage    Failure   Level
 Wereblood                Tmut           13%        N/A       7%          2
 Ice Form                 Ice/Tmut       7%         N/A       67%         4


Dungeon Overview and Level Annotations

Branches:
Dungeon (3/15)

Altars:
Fedhas


Innate Abilities, Weirdness & Mutations

You cannot wear most types of armour.
You are amphibious.
You can wear up to eight rings at the same time.
Your skin changes colour to match your surroundings (Stealth+).
Your rubbery body absorbs attacks. (AC +1, EV +1)
((You are camouflaged when in or above water. (Stealth+)))
You have tentacles for arms and can constrict up to eight enemies at once.


Message History

The orc is heavily wounded.
Your transformation is almost over.
You constrict the orc. The orc closely misses you.
You hit the orc.
You kill the orc!
You barely miss the orc. Your grab misses the orc.
Your tentacle spike misses the orc.
You squeeze the orc!
You kill the orc!
A puff of flame appears from out of thin air!
The puff of flame misses you.
Items here: ))) [ †.
You miss something.
Your tentacle spike misses something.
You squeeze something. Something hits you.
You hear some strange, mumbled words.
You are confused.
You are too confused!
You are too confused!
You are too confused!
You are too confused!
You are too confused!
You bump into the rock wall.
Something hits you.
You bump into the rock wall.
Something hits you.
You're too confused to move!
Something hits you.
You closely miss something.
Your tentacle spike misses something.
Your tentacle spike disappears.
Something hits you.
You're too confused to move!
You feel less confused. Something hits you.
You miss something. Something barely misses you.
You hit something. Your squeeze misses something. Something hits you.
You hit something. Something hits you.
You closely miss something. Something hits you.
You barely miss something. Your squeeze misses something. Something hits you.
* * * LOW HITPOINT WARNING * * *
You hit something. Your squeeze misses something.
You hear some strange, mumbled words.
A magic dart appears from out of thin air!
The magic dart hits you!
You die...

####################
.........#.@{o......
########.#.#########
.#########.#.#
..........>..#
.#######.#...#
##.....########
##..#.....≈≈...# .###
#.##.##...≈.≈..#
.....#.#.♣.#..≈≈_≈..#


You could see an orc.

Vanquished Creatures
  An orc priest (D:3)
  A dart slug (D:2)
  2 orcs (D:3)
  7 ball pythons
  3 endoplasms (D:3)
  5 giant cockroaches
  4 goblins
  7 hobgoblins
  2 jackals (D:3)
  2 quokkas
  6 bats
  2 frilled lizards (D:1)
  2 kobolds (D:1)
  2 rats (D:2)
46 creatures vanquished.

Notes
Turn   | Place    | Note
-------+----------+-------------------------------------------
     0 | D:1      | Crownlay the Octopode Transmuter began the quest for the
                  | Orb.
     0 | D:1      | Reached XP level 1. HP: 13/13 MP: 3/3
   273 | D:1      | Reached XP level 2. HP: 18/18 MP: 5/5
   528 | D:1      | Reached skill level 1 in Stealth
  1175 | D:1      | Reached XP level 3. HP: 21/23 MP: 6/6
  1734 | D:2      | Found a faded altar of an unknown god.
  2261 | D:3      | Learned a level 3 spell: Spider Form
  2382 | D:3      | Found a blossoming altar of Fedhas.
  2474 | D:3      | Reached XP level 4. HP: 27/29 MP: 5/7
  2490 | D:3      | Killed from afar by an orc wizard

Illustrated notes

Levels and vault maps discovered:
D:1:      eino_arrival_cavern_a, layout_loops_corners
D:2:      layout_basic, ebering_ecumenical_altar_petrified
D:3:      layout_loops_ring, fedhas_altar_2, grunt_decor_one_mirror

Skill      XL: |  1  2  3 |
---------------+----------+-----
Stealth        | 1 2 |  2.5
Transmutations | 3 |  3.5
Fighting       | 2 |  2.1
Dodging        | |  2.0
Unarmed Combat | |  3.0
Spellcasting   | |  2.0

Action                   |  1- 3 |  4- 6 || total
-------------------------+-------+-------++-------
Melee: Short sword       |    94 |    11 ||   105
       Constrict         |    26 |     1 ||    27
       Tentacles         |    17 |     2 ||    19
       Punch             |     5 |       ||     5
       Kick              |    10 |       ||    10
 Cast: Beastly Appendage |     5 |       ||     5
 Stab: Sleeping          |    11 |       ||    11
Armor: Skin              |    14 |       ||    14
Dodge: Dodged            |    59 |     3 ||    62

Table legend: (Time is in decaauts)
 A = Elapsed time spent in this place.
 B = Non-inter-level travel time spent in this place.
 C = Inter-level travel time spent in this place.
 D = Time resting spent in this place.
 E = Time spent auto-exploring this place.
 F = Levels seen in this place.
 G = Mean time per level.
                   A        B        C        D        E       F      G
               +--------+--------+--------+--------+--------+-----+--------+
         Total |   2499 |   2412 |     87 |      0 |   2096 |   3 |  833.0 |
       Dungeon |   2499 |   2412 |     87 |      0 |   2096 |   3 |  833.0 |
               +--------+--------+--------+--------+--------+-----+--------+

Top non-repeatable levels by time:
     D:1: 1679 daAuts
     D:2: 516 daAuts
     D:3: 303 daAuts
